 Dungeon Crawl Stone Soup version 0.20-a0-1122-gb7cbeb9 (webtiles) character file.

15 mopl the Stinger (level 2, 0/22 HPs)
             Began as a Naga Venom Mage on May 14, 2017.
             Slain by a kobold
             ... wielding a cursed +0 club
              (3 damage)
             ... on level 1 of the Dungeon.
             The game lasted 00:01:40 (596 turns).

mopl the Stinger (Naga Venom Mage)                   Turns: 596, Time: 00:01:41

Health: 0/22       AC:  2    Str: 10    XL:     2   Next: 50%
Magic:  1/5        EV: 10    Int: 15    God:
Gold:   15         SH:  0    Dex: 11    Spells: 3/6 levels left

rFire    . . .     SeeInvis +   (no weapon)
rCold    . . .     Gourm    .   (no shield)
rNeg     . . .     Faith    .   a - +0 robe
rPois    +         Spirit   .   i - +0 helmet
rElec    .         Reflect  .   (no cloak)
rCorr    .         Harm     .   (no gloves)
MR       .....                  (no barding)
Stlth    ++........             (no amulet)
Regen    0.1/turn               (no ring)
MPRegen  0.1/turn               (no ring)

@: very slightly contaminated, very slow
A: see invisible, deformed body, poison resistance, slowness 2, slow metabolism
1, spit poison 1, AC +0
a: Spit Poison


You were on level 1 of the Dungeon.
You were not hungry.

You visited 1 branch of the dungeon, and saw 1 of its levels.

You collected 15 gold pieces.

Inventory:

Armour
 a - a +0 robe (worn)
 i - a +0 helmet (worn)
Scrolls
 e - a scroll of identify {unknown}
Potions
 d - a potion of curing {unknown}
 g - a potion of agility {unknown}
 h - a potion of lignification {unknown}
Books
 b - a Young Poisoner's Handbook

   Spells                             Type                      Level
   a - Sting                          Conjuration/Poison           1
   b - Poisonous Vapours              Poison/Air                   2
   c - Mephitic Cloud                 Conjuration/Poison/Air       3
   d - Olgreb's Toxic Radiance        Poison                       4
   e - Venom Bolt                     Conjuration/Poison           5
Comestibles
 c - 2 bread rations


   Skills:
 - Level 1.5 Dodging
 - Level 3.0 Stealth
 + Level 2.5 Spellcasting
 + Level 1.4 Conjurations
 + Level 0.2 Air Magic
 + Level 4.1 Poison Magic


You had 3 spell levels left.
You knew the following spells:

 Your Spells              Type           Power        Failure   Level  Hunger
a - Sting                 Conj/Pois      ##..         7%          1    #......
b - Poisonous Vapours     Pois/Air       #.....       13%         2    ###....


Dungeon Overview and Level Annotations

Branches:
Dungeon (1/15)

Altars:


Innate Abilities, Weirdness & Mutations

You cannot wear boots.
Your serpentine skin is tough. (AC +0)
You have supernaturally acute eyesight. (SInv)
Armour fits poorly on your strangely shaped body.
Your system is resistant to poisons. (rPois)
You cover ground very slowly.
You have a slow metabolism.
You can spit poison.


Message History

The kobold hits you with a club.
* * * LOW HITPOINT WARNING * * *
You barely miss the kobold.
The kobold is moderately wounded.
The kobold barely misses you.
You closely miss the kobold.
The kobold is moderately wounded.
The kobold hits you with a club.
* * * LOW HITPOINT WARNING * * *
You hit the kobold.
The kobold is severely wounded.
The kobold barely misses you.
You miss the kobold.
The kobold is severely wounded.
The kobold hits you but does no damage.
Okay, then.
You barely miss the kobold.
The kobold is severely wounded.
The kobold hits you with a club.
You die...

.≈P...## #.............#
...P.#≈# #.............#
≈.P..#≈#
#.............#####
P≈P.P≈.#
#######.#............
..≈...##
#...[.†....####......
....### #.#####....#
#...... .P..##### #.#.
#....# #.....(
......÷.#####.#.###).>.#
#######
.....##..##...#.@KJ....#
######
...#####....########...#
#..... .## ####.......
+...# #..... # #...####
#...# #..... #...# #..##
#..... #...# #..# #.....
#...# ... #..... #...#
....#.. #### .....##.


You could see an ooze and a kobold.

Vanquished Creatures
  2 bats (D:1)
  A giant cockroach (D:1)
  2 hobgoblins (D:1)
  3 jackals (D:1)
  3 frilled lizards (D:1)
  2 kobolds (D:1)
  A rat (D:1)
14 creatures vanquished.

Notes
Turn   | Place    | Note
-------+----------+-------------------------------------------
     0 | D:1      | mopl the Naga Venom Mage began the quest for the Orb.
     0 | D:1      | Reached XP level 1. HP: 15/15 MP: 3/3
   318 | D:1      | Reached XP level 2. HP: 15/22 MP: 1/5
   411 | D:1      | Learned a level 2 spell: Poisonous Vapours
   596 | D:1      | Slain by a kobold

Vault maps used:
D:1:      lemuel_arrival_muddy, minmay_hexomino_u4

Action                   || total
-------------------------++-------
Melee: Unarmed           ||    50
 Cast: Sting             ||    12
       Poisonous Vapours ||     6
 Stab: Sleeping          ||     1
Armor: Robe              ||    12
Dodge: Dodged            ||    35
